AoeStats
← valjashestero

Coastal Forest

503439221Analyzed
2v2 RM · 1mo ago on Aug 31, 2026· 62m 16s· 4 players
Game mode
Random Map
Map size
Medium (4 player)
Population
200
Speed
Normal
Resources
Standard
Victory
Conquest
Starting age
Dark Age
Ending age
Imperial Age
RankedLock teamsTeams togetherTeam positionsShared explorationLock speedFull tech treeHidden civsTurbo modeCheats
Victory
Defeat
🇪🇪 Inca · Estonia
1076
+14
🇪🇪 Burgundians · Estonia
1015
+17
🇦🇷 Berbers · Argentina
1064
-17
🇦🇷 Celts · Argentina
1009
-14
tomi93339
3:22 Loom
9:49 Feudal Age
11:25 Man-at-Arms
13:02 Double-Bit Axe
18:04 Wheelbarrow
18:03 Horse Collar
22:21 Town Watch
25:15 Castle Age
27:14 Bow Saw
28:26 Heavy Plow
37:18 Imperial Age
35:07 Hand Cart
34:54 Town Patrol
35:07 Stronghold
35:56 Forging
35:46 Scale Mail Armor
36:52 Scale Mail Armor
37:56 Iron Casting
43:18 Blast Furnace
51:08 Chain Mail Armor
55:35 Elite Woad Raider
Drakath6696
5:37 Loom
8:54 Feudal Age
9:26 Double-Bit Axe
19:40 Castle Age
18:55 Forging
19:27 Scale Barding Armor
19:06 Horse Collar
26:32 Husbandry
31:21 Bloodlines
31:57 Iron Casting
59:00 Imperial Age
62:37 Imperial Age
60:56 Pikeman
60:57 Man-at-Arms
61:50 Squires
62:23 Scale Mail Armor
AoEE.Karhanin
7:05 Loom
10:02 Feudal Age
10:23 Champi Runner
12:22 Scale Mail Armor
13:03 Forging
15:22 Double-Bit Axe
18:37 Arson
18:57 Horse Collar
29:14 Castle Age
27:49 Gold Mining
29:17 Champi Warrior
30:15 Chain Mail Armor
30:36 Iron Casting
30:04 Squires
31:47 Wheelbarrow
43:23 Bow Saw
44:13 Fletching
45:06 Bodkin Arrow
45:46 Iron Casting
49:30 Imperial Age
51:06 Bracer
52:56 Conscription
58:59 Plate Mail Armor
59:57 Elite Kamayuk
61:28 Fabric Shields
valjashestero
9:29 Loom
12:10 Feudal Age
10:38 Double-Bit Axe
12:43 Gold Mining
19:56 Castle Age
18:18 Bow Saw
19:07 Scale Barding Armor
20:00 Cavalier
21:09 Horse Collar
24:21 Forging
24:15 Husbandry
25:46 Scale Mail Armor
25:35 Pikeman
27:47 Chain Barding Armor
28:53 Gold Shaft Mining
29:01 Squires
29:26 Heavy Plow
39:35 Iron Casting
39:16 Chain Mail Armor
40:21 Stone Mining
44:36 Imperial Age
43:16 Fletching
47:10 Paladin
52:10 Halberdier
53:45 Plate Barding Armor
54:11 Blast Furnace
53:42 Plate Mail Armor
54:31 Bodkin Arrow
Connection lost

Rejoining the realm…

Still unreachable

The connection could not be restored.

Session expired

The server has moved on; the page needs a fresh start.